 Dungeon Crawl Stone Soup version 0.29.1-2-gbd0b4ee654 (webtiles) character file.

Game seed: 7505014062687295403

427 fleeber the Chopper (level 6, -7/84 HPs)
             Began as a Minotaur Berserker on Oct 30, 2022.
             Was a Priest of Trog.
             Mangled by a two-headed ogre
             ... wielding a +0 giant club
              (33 damage)
             ... on level 5 of the Dungeon on Oct 31, 2022.
             The game lasted 00:09:38 (3176 turns).

fleeber the Chopper (Minotaur Berserker)            Turns: 3176, Time: 00:09:39

Health: -7/84      AC:  9    Str: 23    XL:     6   Next: 65%
Magic:  5/5        EV: 11    Int:  4    God:    Trog [***...]
Gold:   216        SH:  0    Dex: 10    Spells: 5/5 levels left

rFire   . . .      SeeInvis .   a - +0 hand axe
rCold   . . .      Faith    .   (no shield)
rNeg    . . .      Spirit   .   l - +0 scale mail
rPois   .          Reflect  .   (helmet restricted)
rElec   .          Harm     .   (no cloak)
rCorr   .          Rampage  .   j - +0 pair of gloves
Will    .....                   o - +0 pair of boots
Stlth   ..........              s - amulet of regeneration
HPRegen 1.04/turn               (no ring)
MPRegen 0.09/turn               (no ring)

@: berserking, very quick
A: horns 2, retaliatory headbutt
a: Renounce Religion, Berserk, Trog's Hand


You were on level 5 of the Dungeon.
You worshipped Trog.
Trog was most pleased with you.
You visited 1 branch of the dungeon, and saw 5 of its levels.

You collected 216 gold pieces.

Inventory:

Hand Weapons
 a - a +0 hand axe (weapon)
Armour
 j - a +0 pair of gloves (worn)
 l - a +0 scale mail (worn)
 o - a +0 pair of boots (worn)
Jewellery
 s - an amulet of regeneration (around neck)
Wands
 y - a wand of flame (11)
Scrolls
 b - 4 scrolls of identify {unknown}
 d - a scroll of enchant weapon {unknown}
 e - 3 scrolls of noise {unknown}
 g - a scroll of amnesia {unknown}
 h - a scroll of enchant armour {unknown}
 i - 3 scrolls of blinking {unknown}
 k - a scroll of silence {unknown}
 m - a scroll of poison {unknown}
 n - a scroll of immolation {unknown}
 q - 3 scrolls of teleportation {unknown}
 t - 2 scrolls of magic mapping {unknown}
Potions
 c - 5 potions of heal wounds {unknown}
 f - a potion of brilliance {unknown}
 p - a potion of cancellation {unknown}
 r - a potion of lignification {unknown}
 u - a potion of might {unknown}
 v - a potion of berserk rage {unknown}
 w - a potion of flight {unknown}
 x - a potion of magic {unknown}


   Skills:
 + Level 5.3 Fighting
 + Level 7.0 Axes
 + Level 4.1 Armour
 + Level 3.1 Dodging


You had 5 spell levels left.
You didn't know any spells.
Your spell library was empty.

Dungeon Overview and Level Annotations

Branches:
Dungeon (5/15)
 Temple: D:4-7

Altars:
Vehumet

Shops:
D:4 *


Innate Abilities, Weirdness & Mutations

You have a pair of horns on your head.
You reflexively headbutt those who attack you in melee.


Message History

The ogre is moderately wounded.
The ogre misses you. You furiously retaliate!
You headbutt the ogre. You hit the ogre.
The ogre is heavily wounded.
The ogre completely misses you.
You completely miss the ogre.
The ogre is heavily wounded.
You hit the ogre.
The ogre is severely wounded.
The ogre barely misses you.
You hit the ogre.
You headbutt the ogre, but do no damage.
The ogre is almost dead.
The ogre hits you with a +0 giant spiked club.
You slash the ogre!
You kill the ogre!
Trog accepts your kill.
Your Axes skill increases to level 7!
Your Armour skill increases to level 4!
No target in view!
You start resting.
A two-headed ogre comes into view.
It is wielding a +0 giant club and a +0 dire flail.
You see here a +0 long sword.
You hit the two-headed ogre. You headbutt the two-headed ogre!
The two-headed ogre is moderately wounded.
The two-headed ogre closely misses you. The two-headed ogre barely misses you.
You hit the two-headed ogre.
The two-headed ogre is moderately wounded.
The two-headed ogre hits you with a +0 giant club!
The two-headed ogre barely misses you.
You slash the two-headed ogre!
The two-headed ogre is heavily wounded.
You hit the two-headed ogre.
The two-headed ogre is heavily wounded.
The two-headed ogre hits you with a +0 giant club!
The two-headed ogre hits you with a +0 dire flail!
* * * LOW HITPOINT WARNING * * *
A red film seems to cover your vision as you go berserk!
You feel yourself moving faster!
You feel mighty!
The two-headed ogre hits you with a +0 giant club!!
You die...

####### ##.# #.....# #..#
#.....# #..# ####.....#
#..# #........# ##..#
##........######...#
#######..######........#.#
.........######.########.#
...........)O@.)########.#
.#....#..#########.....#.#
##.....## #######.....#.#
#.##... .......<...(#.#
...#..## #######.....#.#
#.# #.# ####.##<# #. ..
#.##.# ..# #.##.# #.##.#


You could see a two-headed ogre.

Vanquished Creatures
  2 ogres
  2 hounds
  An orc priest (D:3)
  Jessica (D:2)
  An orc wizard (D:3)
  4 gnolls (D:4)
  3 dart slugs
  A worm (D:4)
  9 orcs
  8 endoplasms
  2 giant cockroaches
  A goblin (D:2)
  5 hobgoblins
  5 kobolds
  4 quokkas
  6 ball pythons
  3 bats (D:1)
  2 frilled lizards
  11 rats
71 creatures vanquished.

Notes
Turn   | Place    | Note
-------+----------+-------------------------------------------
     0 | D:1      | fleeber the Minotaur Berserker began the quest for the Orb.
     0 | D:1      | Reached XP level 1. HP: 19/19 MP: 0/0
   110 | D:1      | Reached XP level 2. HP: 26/27 MP: 1/1
   115 | D:1      | Reached skill level 4 in Axes
   486 | D:1      | Reached ** piety under Trog
   869 | D:2      | Noticed Jessica
   983 | D:2      | Killed Jessica
   984 | D:2      | Reached XP level 3. HP: 33/33 MP: 2/2
  1045 | D:2      | Found a faded altar of an unknown god.
  1869 | D:3      | Reached XP level 4. HP: 37/41 MP: 3/3
  1916 | D:3      | Reached skill level 5 in Axes
  2084 | D:3      | Reached XP level 5. HP: 47/47 MP: 4/4
  2339 | D:4      | Reached *** piety under Trog
  2403 | D:4      | Found Zionkewe's Elemental Accessories.
  2426 | D:4      | Noticed an ogre
  2436 | D:4      | Killed an ogre
  2437 | D:4      | Reached skill level 5 in Fighting
  2437 | D:4      | Reached skill level 6 in Axes
  2437 | D:4      | Reached XP level 6. HP: 56/56 MP: 5/5
  2776 | D:4      | Found a radiant altar of Vehumet.
  3084 | D:5      | Entered Level 5 of the Dungeon
  3166 | D:5      | Reached skill level 7 in Axes
  3166 | D:5      | Noticed a two-headed ogre
  3176 | D:5      | Mangled by a two-headed ogre

Illustrated notes

Levels and vault maps discovered:
D:1:      kennysheep_arrival_forest, layout_basic, minmay_tetromino_o2
D:2:      layout_basic, ebering_ecumenical_altar_hall, interstate_on_off,
          chequers_serial_rivers_room_b, st_stairs_2, uniq_jessica
D:3:      layout_rooms
D:4:      layout_basic, nicolae_vehumet_radiance, nicolae_elemental_shop
D:5:      layout_rooms, nicolae_overflow_hidden_temple,
          minmay_temple_entry_sparse_star, uniq_crazy_yiuf_cottage

Skill      XL: |  1  2  3  4  5  6 |
---------------+-------------------+-----
Axes           | 4 5 6 7 |  7.0
Fighting       | 4 5 |  5.3
Armour         | 3 4 |  4.1
Dodging        | 3 |  3.1

Action                   |  1- 3 |  4- 6 || total
-------------------------+-------+-------++-------
Melee: Hand axe          |    70 |    84 ||   154
       Headbutt          |    10 |    14 ||    24
       Punch             |       |     2 ||     2
Invok: Berserk           |       |     2 ||     2
 Stab: Sleeping          |     2 |       ||     2
Armor: Animal skin       |     6 |       ||     6
       Scale mail        |    10 |    27 ||    37
Dodge: Dodged            |    49 |    36 ||    85
